cohdb
Replays
Latest Replays
All Replays
Popular Replays
Top Player Replays
Match Explorer
How It Works
Community
CoH3 Stats
Reddit
Sign in to upload your games and track your stats! →
Sign in with Steam
Match 27785826
Unlisted
Match 27785826
Overview
Messages
Build Orders
End
Kettenkrad Recon Vehicle
Construct Infanterie Kompanie
MG 42 Machine Gun Team
Selects Luftwaffe Battlegroup
Selects Luftwaffe Pioneer Support
Grenadier Squad
Construct Panzergrenadier Kompanie
Medical Bunker
Panzergrenadier Squad
Panzergrenadier Officer Quarters
Panzergrenadier Squad
Selects LG40 Recoilless Gun Paradrop
Pak 40 Anti-tank Gun Team
Panzergrenadier Squad
LG40 Recoilless Gun Paradrop
Construct Panzer Kompanie
Panzergrenadier Squad
Pak 40 Anti-tank Gun Team
Fallschirmpioneer Squad Paradrop
Sturmpanzer IV Brummbär
Panzergrenadier Squad
Sturmpanzer IV Brummbär
Selects Stuka Strafing Run
Selects Fallschirmjäger Squad Paradrop
Selects Stuka Loiter
Stuka Loiter
^3
MDJ13
0
0
Comments
sign in to comment!
No comments posted yet!